 Dungeon Crawl Stone Soup version 0.30-a0-627-gc11e7ae810 (webtiles) character file.

Game seed: 15005725848073271074

50 Oxelix the Shooter (level 3, -9/31 HPs)
             Began as a Minotaur Hunter on Jan 12, 2023.
             Engulfed by a cloud of flame (25 damage)
             ... on level 2 of the Dungeon.
             The game lasted 00:01:50 (793 turns).

Oxelix the Shooter (Minotaur Hunter)                 Turns: 793, Time: 00:01:50

Health: -9/31      AC:  3    Str: 15    XL:     3   Next: 55%
Magic:  2/2        EV: 12    Int:  6    God:
Gold:   69         SH:  0    Dex: 15    Spells: 2/2 levels left

rFire   . . .      SeeInvis .    a - +0 shortbow
rCold   . . .      Faith    .    (shield currently unavailable)
rNeg    . . .      Spirit   .    c - +0 leather armour
rPois   .          Reflect  .    (helmet restricted)
rElec   .          Harm     .    (no cloak)
rCorr   .          Rampage  .    (no gloves)
Will    .....                    (no boots)
Stlth   +                        (no amulet)
HPRegen 0.25/turn                (no ring)
MPRegen 0.08/turn                (no ring)

@: no status effects
A: horns 2, retaliatory headbutt
a: no special abilities


You were on level 2 of the Dungeon.
You visited 1 branch of the dungeon, and saw 2 of its levels.

You collected 69 gold pieces.

Inventory:

Hand Weapons
 a - a +0 shortbow (weapon)
 d - a +0 short sword
Armour
 c - a +0 leather armour (worn)
Scrolls
 f - 2 scrolls of identify {unknown}
 h - a scroll of blinking {unknown}
 i - a scroll of vulnerability {unknown}
 k - a scroll of noise {unknown}
Potions
 e - 3 potions of curing {unknown}
 g - 2 potions of heal wounds {unknown}
 j - a potion of cancellation {unknown}


   Skills:
 + Level 3.3 Fighting
 * Level 5.4 Ranged Weapons
 - Level 2.1 Dodging
 - Level 0.7 Stealth


You had 2 spell levels left.
You didn't know any spells.
Your spell library contained the following spells:

 Spells                   Type           Power      Damage    Failure   Level
 Sandblast                Erth           0%         2d4       52%         1
 Passwall                 Tmut/Erth      0%         N/A       67%         2
 Stone Arrow              Conj/Erth      0%         3d7       88%         3


Dungeon Overview and Level Annotations

Branches:
Dungeon (2/15)

Altars:

Annotations:
D:2 Robin


Innate Abilities, Weirdness & Mutations

You have a pair of horns on your head.
You reflexively headbutt those who attack you in melee.


Message History

You shoot an arrow. The arrow barely misses the hobgoblin.
You shoot an arrow.
The arrow hits the hobgoblin but does no damage.
You shoot an arrow. The arrow hits the hobgoblin.
The hobgoblin is severely wounded.
You shoot an arrow. The arrow hits the hobgoblin!
You kill the hobgoblin!
No target in view!
There is a stone staircase leading up here.
Okay, then.
Okay, then.
A hobgoblin comes into view.
The hobgoblin shouts! x2; The goblin shouts! x2; You hear a shout!
Really read the scroll of immolation?
As you read the scroll of immolation, it crumbles to dust.
The creatures around you are filled with an inner flame!
You shoot an arrow. The goblin shouts!
The arrow hits the hobgoblin!
The hobgoblin explodes!
The fiery explosion engulfs the hobgoblin!!
The fiery explosion engulfs the goblin!
The goblin explodes!
The fiery explosion engulfs the goblin!!
The goblin explodes!
The hobgoblin explodes!
You hear a shout!
Unknown command.
The goblin shouts!
The hobgoblin shouts!
Robin throws the goblin at you! The goblin barely misses you.
You shoot an arrow. The arrow closely misses the goblin.
The goblin hits you with a +0 dagger.
Robin says, "My army is invincible!"
Robin throws the goblin at you!
You shoot an arrow. The arrow hits the goblin!
The goblin explodes!
The fiery explosion engulfs the goblin!!
You kill the goblin!
The fiery explosion engulfs you!
You are engulfed in blazing flames.
Ouch! That really hurt!
You die...

####### ###.....### # #
### ###....g....###..
..#..###..).........†..g
.§.§........ggg.........
.§§§§§§..##########g?..!
g§§)§§§§.## ##.._
..§§§§§@).## ##
..§§§..##..###
..g..........#######
####.#######..........
##.....#.....#.#######.
##...............#
...............<.##
#......†.........#
#..............#..#


You could see Robin and a hobgoblin.

Vanquished Creatures
  An adder (D:2)
  A worm (D:2)
  A giant cockroach (D:1)
  9 goblins
  8 hobgoblins
  2 jackals (D:2)
  3 quokkas
  2 ball pythons
  A bat (D:1)
  3 frilled lizards
  5 kobolds
  A rat (D:1)
37 creatures vanquished.

Notes
Turn   | Place    | Note
-------+----------+-------------------------------------------
     0 | D:1      | Oxelix the Minotaur Hunter began the quest for the Orb.
     0 | D:1      | Reached XP level 1. HP: 18/18 MP: 0/0
    92 | D:1      | Reached XP level 2. HP: 25/25 MP: 1/1
   388 | D:2      | Reached skill level 5 in Ranged Weapons
   510 | D:2      | Reached XP level 3. HP: 26/31 MP: 2/2
   664 | D:2      | Found a faded altar of an unknown god.
   671 | D:2      | Noticed Robin
   793 | D:2      | Engulfed by a cloud of flame

Illustrated notes

Levels and vault maps discovered:
D:1:      amcnicky_arrival_gap_in_the_tavern_cellar, layout_rooms
D:2:      layout_rooms, hellmonk_ecumenical_altar_zigzags, hex_tiny,
          kennysheep_flooded_box, minmay_diced_spiral, uniq_robin

Skill      XL: |  1  2 |
---------------+-------+-----
Ranged Weapons | 5 |  5.4
Fighting       | 3 |  3.3
Dodging        | |  2.1
Stealth        | |  0.7

Action                   || total
-------------------------++-------
 Fire: Shortbow          ||    79
  Use: Scroll            ||     1
Armor: Leather armour    ||     9
Dodge: Dodged            ||    20

Table legend: (Time is in decaauts)
 A = Elapsed time spent in this place.
 B = Non-inter-level travel time spent in this place.
 C = Inter-level travel time spent in this place.
 D = Time resting spent in this place.
 E = Time spent auto-exploring this place.
 F = Levels seen in this place.
 G = Mean time per level.
                   A        B        C        D        E       F      G
               +--------+--------+--------+--------+--------+-----+--------+
         Total |    817 |    781 |     36 |      0 |    540 |   2 |  408.5 |
       Dungeon |    817 |    781 |     36 |      0 |    540 |   2 |  408.5 |
               +--------+--------+--------+--------+--------+-----+--------+

Top non-repeatable levels by time:
     D:1: 443 daAuts
     D:2: 373 daAuts
